Map: Babylon LE

Players

Epic

  • Race: Terran Terran
  • League: Master
  • Spawn Location: 5:00

ReesesPieces - Winner!

  • Race: Protoss Protoss
  • League: Master
  • Spawn Location: 11:00

VOD

Have the link to the VOD?

Description

Time

  • Played on: May 16, 2023, 6:29 p.m.
  • Length: 14:35
Show
View Real Time Build Order
Export as new Build Order

Epic Terran 

Build Orders:  

Get SALT Encoding   

  12  0:00  SCV  
  13  0:12  SCV  
  14  0:17  Supply Depot  
  14  0:24  SCV  
  15  0:38  SCV  
  15  0:40  Barracks  
  16  0:43  Refinery  
  16  0:50  SCV  
  16  0:53  Refinery  
  17  1:02  SCV  
  18  1:14  SCV  
  19  1:27  Orbital Command, Reaper  
  19  1:29  Supply Depot  
  20  1:41  Factory  
  20  1:53  SCV  
  21  2:00  Reaper  
  22  2:05  SCV  
  23  2:17  SCV  
  23  2:21  Command Center  
  24  2:26  Hellion  
  26  2:30  SCV  
  27  2:37  Barracks Reactor  
  27  2:40  Starport  
  27  2:43  SCV  
  28  2:49  Widow Mine  
  30  2:52  Supply Depot  
  30  2:56  SCV  
  31  3:13  SCV  
  31  3:16  Marine x2  
  31  3:17  Widow Mine  
  35  3:25  SCV  
  35  3:26  Viking  
  35  3:30  Barracks  
  35  3:33  Marine  
  35  3:34  Marine  
  37  3:40  Orbital Command  
  37  3:46  Factory Tech Lab, SCV  
  38  3:51  Marine x2  
  40  3:56  Medivac  
  40  4:00  SCV  
  40  4:02  Orbital Command  
  43  4:06  Siege Tank  
  46  4:12  SCV  
  46  4:14  Marine x2  
  49  4:17  Barracks Tech Lab  
  49  4:21  Supply Depot  
  49  4:24  SCV  
  49  4:28  SCV  
  51  4:35  Marine x2  
  51  4:36  Marine  
  51  4:37  Stimpack  
  54  4:42  SCV x2  
  54  4:44  Supply Depot  
  56  4:51  Siege Tank  
  59  4:54  SCV x2  
  61  5:00  Starport Reactor  
  61  5:01  Supply Depot  
  61  5:04  Marine  
  61  5:06  Marine, Marauder  
  65  5:07  SCV x2  
  65  5:13  Supply Depot  
  67  5:19  Engineering Bay  
  67  5:21  SCV x2  
  67  5:28  Marine x3  
  67  5:30  Siege Tank  
  67  5:34  SCV  
  67  5:35  SCV  
  74  5:37  Refinery  
  74  5:38  Supply Depot  
  74  5:46  Medivac  
  74  5:47  Medivac  
  74  5:48  Supply Depot, SCV x2  
  74  5:53  Marine x3  
  76  6:03  SCV x2  
  76  6:12  Command Center  
  76  6:13  Terran Infantry Weapons Level 1  
  76  6:15  SCV x2  
  76  6:16  Refinery  
  76  6:20  Marine x3  
  76  6:21  Combat Shield  
  79  6:27  SCV  
  79  6:30  SCV  
  81  6:39  SCV  
  82  6:42  Supply Depot  
  82  6:44  Medivac  
  82  6:45  Barracks  
  82  6:46  Marine x3  
  87  6:47  Barracks  
  87  6:48  Barracks  
  87  6:50  Medivac  
  87  6:52  SCV  
  87  6:53  SCV  
  91  6:58  Siege Tank  
  94  7:04  SCV  
  94  7:05  Supply Depot, SCV  
  96  7:09  Marine x3  
  99  7:16  SCV  
  99  7:17  SCV  
  101  7:24  Medivac x2  
  101  7:28  SCV, Orbital Command  
  101  7:29  SCV  
  107  7:31  Marine  
  107  7:32  Marine  
  107  7:33  Barracks Reactor x2  
  107  7:34  Barracks Reactor  
  109  7:41  Siege Tank  
  109  7:43  SCV  
  109  7:44  SCV  
  114  7:46  Barracks Reactor  
  114  7:48  Marine  
  114  7:49  Marine x2  
  117  7:53  Supply Depot x2  
  117  7:55  SCV x2  
  117  7:56  SCV  
  120  8:01  Medivac x2  
  123  8:05  Supply Depot  
  123  8:06  Marine  
  123  8:07  Supply Depot  
  124  8:16  Marine x6  
  124  8:17  Siege Tank  
  127  8:30  Marine x3  
  127  8:34  Medivac x2, Marine x6  
  117  8:37  SCV x2  
  117  8:38  SCV  
  117  8:41  Supply Depot x2  
  113  8:48  Marine x3  
  116  8:49  Command Center  
  116  8:51  Marine x2  
  116  8:52  Marine x4  
  120  8:57  Terran Infantry Armor Level 1  
  120  8:58  Siege Tank  
  122  9:05  Marine x3  
  122  9:09  Marine x6  
  108  9:23  Marine x3  
  100  9:25  Viking x2  
  100  9:27  Marine x6  
  97  9:37  Missile Turret  
  88  9:39  Siege Tank  
  88  9:41  Marine x3  
  88  9:45  Marine x6  
  93  9:52  SCV x3  
  94  9:55  Medivac x2  
  94  9:59  Marine  
  97  10:01  Orbital Command  
  93  10:09  Marine x4  
  93  10:10  Marine x4  
  94  10:14  Widow Mine  
  94  10:17  Marine  
  86  10:25  Medivac x2  
  86  10:27  Marine x4  
  86  10:28  Marine x4  
  87  10:40  Marine  
  82  10:45  Marine x7  
  85  10:51  SCV x3  
  82  10:58  Marine  
  82  11:03  Marine x3  
  84  11:04  SCV x2  
  85  11:12  Command Center  
  85  11:14  SCV  
  85  11:16  SCV x2  
  88  11:20  Marine x5  
  88  11:21  Marine x2  
  88  11:24  Medivac x2  
  96  11:32  Missile Turret  
  96  11:36  SCV x2  
  98  11:41  Marine x8  
  106  11:54  SCV  
  106  11:55  SCV x2  
  106  11:56  Medivac x2  
  113  12:04  Armory, Marine x4  
  113  12:05  Marine  
  113  12:06  Engineering Bay  
  113  12:07  Marine  
  113  12:08  Marine  
  118  12:10  Marine  
  113  12:22  SCV x2, Marine x2  
  117  12:30  Ghost Academy  
  117  12:31  Orbital Command  
  117  12:38  Marine  
  117  12:41  Marine  
  120  12:53  Medivac x2  
  120  12:55  Marine  
  113  13:00  Ghost, Barracks Tech Lab  
  114  13:05  Barracks  
  114  13:07  Barracks  
  114  13:10  Marine  
  115  13:20  Thor  
  121  13:29  Barracks  
  121  13:30  Ghost x2  
  121  13:31  Barracks  
  124  13:39  SCV  
  124  13:40  SCV x2  
  127  13:43  Medivac x2  
  127  13:48  Marine x2  
  131  13:53  Missile Turret  
  133  13:57  Marine x2  
  133  13:59  Marine x2  
  133  14:02  Supply Depot  
  136  14:14  Missile Turret  
Show
View Real Time Build Order
Export as new Build Order

ReesesPieces Protoss - Winner!

Build Orders: 1 Gate Expand, Oracle Opening, Carriers 

Get SALT Encoding   

  12  0:00  Probe  
  13  0:12  Probe  
  14  0:18  Pylon  
  14  0:25  Probe (Chrono Boost)  
  15  0:37  Gateway  
  15  0:38  Probe (Chrono Boost)  
  16  0:43  Probe (Chrono Boost)  
  16  0:46  Assimilator  
  17  0:52  Probe  
  18  1:04  Probe  
  19  1:16  Probe  
  20  1:24  Cybernetics Core  
  20  1:36  Nexus  
  20  1:44  Pylon  
  20  1:46  Probe  
  21  1:54  Assimilator  
  21  1:58  Probe  
  21  2:00  Adept (Chrono Boost)  
  23  2:10  Probe  
  23  2:15  Stargate  
  25  2:22  Probe  
  25  2:24  Adept (Chrono Boost)  
  27  2:34  Probe  
  27  2:35  Warp Gate  
  28  2:47  Probe  
  28  2:48  Adept  
  28  2:49  Probe (Chrono Boost)  
  32  3:01  Probe (Chrono Boost)  
  32  3:04  Oracle (Chrono Boost), Probe (Chrono Boost)  
  38  3:13  Probe (Chrono Boost)  
  36  3:21  Probe  
  36  3:26  Probe  
  38  3:29  Pylon  
  38  3:31  Adept  
  41  3:35  Pylon  
  41  3:38  Probe  
  41  3:39  Probe  
  46  3:41  Void Ray (Chrono Boost)  
  46  3:47  Assimilator  
  46  3:49  Assimilator  
  46  3:50  Probe  
  46  3:51  Probe  
  48  4:02  Probe  
  49  4:03  Probe  
  50  4:11  Shield Battery  
  50  4:14  Probe  
  50  4:16  Probe  
  52  4:21  Shield Battery  
  52  4:26  Probe  
  52  4:27  Adept  
  52  4:30  Stargate  
  55  4:31  Pylon  
  55  4:32  Probe  
  56  4:38  Probe  
  56  4:39  Fleet Beacon  
  57  4:48  Shield Battery  
  57  4:50  Probe  
  58  4:56  Void Ray (Chrono Boost)  
  62  5:01  Probe  
  62  5:05  Forge  
  63  5:10  Adept  
  65  5:14  Protoss Air Weapons Level 1 (Chrono Boost)  
  64  5:45  Carrier (Chrono Boost)  
  64  5:47  Probe x2  
  66  5:59  Probe x2  
  66  6:00  Pylon  
  68  6:10  Pylon  
  65  6:11  Probe x2  
  65  6:17  Carrier (Chrono Boost)  
  67  6:23  Probe x2  
  75  6:28  Pylon  
  75  6:35  Probe x2  
  75  6:38  Nexus  
  77  6:46  Photon Cannon  
  77  6:47  Shield Battery, Probe  
  77  6:48  Probe  
  77  6:52  Shield Battery x2  
  79  6:55  Photon Cannon  
  85  7:09  Carrier (Chrono Boost)  
  85  7:13  Sentry  
  87  7:19  Probe x2  
  89  7:31  Pylon, Probe  
  90  7:38  Protoss Air Weapons Level 2 (Chrono Boost)  
  90  7:39  Pylon  
  90  7:40  Shield Battery  
  90  7:46  Cybernetics Core, Carrier (Chrono Boost)  
  90  7:51  Sentry  
  98  7:52  Probe  
  98  7:56  Probe  
  100  7:59  Protoss Shields Level 1  
  100  8:05  Probe  
  101  8:08  Probe x2  
  103  8:17  Stalker, Probe  
  104  8:20  Probe x2  
  99  8:29  Probe  
  99  8:35  Probe  
  99  8:36  Probe  
  99  8:37  Carrier (Chrono Boost)  
  99  8:40  Carrier (Chrono Boost)  
  101  8:41  Probe  
  101  8:47  Probe  
  109  9:00  Zealot  
  109  9:01  Probe  
  102  9:21  Probe  
  95  9:41  Carrier (Chrono Boost), Probe x3  
  98  9:53  Probe x2  
  98  9:56  Probe  
  101  10:05  Probe x2  
  101  10:08  Probe  
  102  10:17  Carrier (Chrono Boost), Probe  
  102  10:20  Nexus  
  109  10:26  Assimilator  
  109  10:27  Pylon  
  109  10:28  Nexus  
  109  10:30  Assimilator  
  109  10:37  Carrier (Chrono Boost)  
  109  10:42  Probe  
  110  11:02  Probe x2  
  112  11:07  Pylon  
  112  11:15  Twilight Council  
  112  11:18  Gateway, Probe  
  113  11:20  Probe x2  
  113  11:21  Gateway  
  113  11:22  Gateway  
  113  11:23  Gateway  
  113  11:24  Pylon  
  113  11:25  Gateway  
  115  11:32  Photon Cannon  
  115  11:33  Shield Battery x2, Photon Cannon  
  115  11:35  Pylon, Photon Cannon  
  115  11:38  Protoss Ground Armor Level 1 (Chrono Boost)  
  115  11:41  Sentry  
  117  11:49  Protoss Air Weapons Level 3 (Chrono Boost)  
  117  11:54  Gateway  
  117  11:55  Gateway  
  117  11:58  Assimilator  
  117  11:59  Assimilator, Pylon  
  117  12:05  Carrier (Chrono Boost)  
  123  12:15  Charge (Chrono Boost)  
  129  12:24  Carrier (Chrono Boost)  
  129  12:25  Templar Archives  
  129  12:32  Zealot x4  
  129  12:33  Zealot x2  
  129  12:35  Probe x4  
  129  12:36  Probe  
  146  12:47  Probe x3  
  146  12:48  Probe x2  
  151  12:53  Psionic Storm  
  151  12:59  Zealot, Probe x2  
  151  13:00  Zealot x3  
  161  13:08  High Templar  
  161  13:09  High Templar x2  
  161  13:11  High Templar  
  169  13:14  Pylon  
  169  13:16  Pylon  
  169  13:17  Archon x2  
  169  13:21  High Templar x2  
  173  13:27  High Templar  
  173  13:28  Zealot  
  177  13:37  Photon Cannon  
  177  13:38  Photon Cannon  
  177  13:39  Pylon  
  177  13:40  Pylon  
  177  13:42  Shield Battery  
  177  13:43  High Templar x2  
  177  13:44  Shield Battery, Zealot x2  
  185  13:48  Zealot  
  187  14:00  High Templar x2  
  187  14:01  Pylon, Zealot  
  193  14:03  Robotics Facility  
  193  14:05  Archon  
  193  14:07  Zealot x2  
  193  14:08  Probe x3  
  200  14:13  Gateway  
Tags
 
Add a new tag
Caveats
  • Supply blocks, unpowered buildings, or Contaminate may cause inaccurate times.
  • Supply counts are checked every 10 seconds.